 Dungeon Crawl Stone Soup version 0.29.1-1-gd02db6906a (webtiles) character file.

Game seed: 1368244635509964454

7413 Doomgape the Grappler (level 10, -12/88 HPs)
             Began as a Troll Monk on Sept 16, 2022.
             Was an Initiate of Gozag.
             Killed from afar by an efreet (22 damage)
             ... with a fireball
             ... on level 10 of the Dungeon.
             The game lasted 00:27:19 (8441 turns).

Doomgape the Grappler (Troll Monk)                  Turns: 8441, Time: 00:27:20

Health: -12/88     AC:  6    Str: 25    XL:     10   Next: 93%
Magic:  13/13      EV: 13    Int:  6    God:    Gozag
Gold:   1094       SH:  0    Dex: 12    Spells: 11/14 levels left

rFire   . . .      SeeInvis .     - Unarmed
rCold   . . .      Faith    .   (no shield)
rNeg    . . .      Spirit   .   a - +0 robe
rPois   +          Reflect  .   (helmet restricted)
rElec   .          Harm     .   u - +1 cloak {rPois}
rCorr   .          Rampage  .   (gloves unavailable)
Will    .....                   (boots unavailable)
Stlth   ++........              j - amulet of the acrobat
HPRegen 1.04/turn               (no ring)
MPRegen 0.13/turn               (no ring)

@: no status effects
A: large, unfitting armour, claws 3, regeneration 1, shaggy fur 1, tough skin 1
a: Renounce Religion, Potion Petition, Call Merchant, Bribe Branch


You were on level 10 of the Dungeon.
You worshipped Gozag.
Gozag was most pleased with you.
You visited 2 branches of the dungeon, and saw 11 of its levels.

You collected 1666 gold pieces.
You spent 572 gold pieces at shops.

Inventory:

Missiles
 e - 5 javelins (quivered)
 l - a throwing net
Armour
 a - a +0 robe (worn)
 u - a +1 cloak of poison resistance (worn)
Jewellery
 j - an amulet of the acrobat (around neck)
Wands
 t - a wand of flame (24)
Scrolls
 m - 4 scrolls of teleportation
 n - 2 scrolls of fear
 p - 5 scrolls of identify
 q - 4 scrolls of vulnerability
 y - a scroll of enchant armour {unknown}
 z - 2 scrolls of enchant weapon
 A - a scroll of magic mapping
 B - a scroll of fog
Potions
 b - a potion of ambrosia
 c - 2 potions of haste
 d - 4 potions of heal wounds
 f - 4 potions of mutation
 g - 3 potions of lignification
 h - 7 potions of curing
 i - 2 potions of resistance {unknown}
 k - a potion of experience {unknown}
 o - 2 potions of attraction
 r - a potion of flight {unknown}
 s - 3 potions of brilliance {unknown}
 v - 2 potions of degeneration {unknown}
 w - a potion of magic {unknown}
 x - a potion of might {unknown}


   Skills:
 - Level 2.4 Fighting
 - Level 10.2 Dodging
 - Level 1.0 Stealth
 - Level 10.6 Unarmed Combat
 + Level 2.8 Spellcasting
 + Level 3.7 Necromancy


You had 11 spell levels left.
You knew the following spells:

 Your Spells              Type           Power      Damage    Failure   Level
a - Vampiric Draining     Necr           5%         2d6       24%         3

Your spell library contained the following spells:

 Spells                   Type           Power      Damage    Failure   Level
 Magic Dart               Conj           0%         1d3       36%         1
 Sandblast                Erth           0%         2d4       36%         1
 Slow                     Hex            0%         N/A       36%         1
 Call Imp                 Summ           0%         N/A       50%         2
 Ensorcelled Hibernation  Hex/Ice        0%         N/A       50%         2
 Passwall                 Tmut/Erth      0%         N/A       50%         2
 Confusing Touch          Hex            0%         N/A       75%         3
 Frozen Ramparts          Ice            0%         1d1       75%         3
 Mephitic Cloud           Conj/Pois/Air  0%         N/A       75%         3
 Spider Form              Tmut/Pois      0%         N/A       75%         3
 Stone Arrow              Conj/Erth      0%         3d7       75%         3
 Anguish                  Hex/Necr       1%         N/A       86%         4
 Ice Form                 Ice/Tmut       0%         N/A       98%         4
 Summon Ice Beast         Ice/Summ       0%         N/A       98%         4
 Haunt                    Necr/Summ      1%         N/A       100%        7
 Infestation              Necr           2%         N/A       100%        8
 Animate Dead             Necr           Unusable   N/A       N/A         4

Dungeon Overview and Level Annotations

Branches:
Dungeon (10/15)            Temple (1/1) D:5
   Lair: D:8-11         Orc: D:9-12

Altars:
Ashenzari
Cheibriados
Dithmenos
Elyvilon
Fedhas
Gozag
Hepliaklqana
Kikubaaqudgha
Makhleb
Nemelex Xobeh
Okawaru
Qazlal
Ru
Sif Muna
Trog
Uskayaw
Vehumet
Wu Jian
Xom
Yredelemnul
Zin

Shops:
D:3 [   D:9 :

Portals:
Trove: D:10 (give +3 gold dragon scales)


Innate Abilities, Weirdness & Mutations

You are too large for most types of armour.
You have claws for hands.
Your natural rate of healing is unusually fast.
You are covered in fur. (AC +1)
You have tough skin. (AC +1)


Message History

You scratch the efreet but do no damage.
The efreet hits you with a +0 scimitar of flaming!
The efreet burns you!
Unknown command.
You claw the efreet!
The efreet is moderately wounded.
You hear a bellow!
The efreet is distracted by your dazzling golden aura.
A yak comes into view.
You hear a shout!
Unknown command.
You completely miss the efreet.
The efreet is no longer distracted by gold.
The efreet is moderately wounded.
The efreet barely misses you.
Unknown command.
The efreet attacks as you move away!
The efreet hits you with a +0 scimitar of flaming!
The efreet burns you!
Unknown command.
Okay, then.
The efreet gestures at you.
The fireball explodes!
The fireball engulfs you!!
* * * LOW HITPOINT WARNING * * *
Unknown command.
Unknown command.
The efreet gestures at you.
The fireball explodes!
The fireball engulfs you!!
* * * LOW HITPOINT WARNING * * *
Unknown command.
You barely miss the efreet.
Unknown command.
You scratch the efreet but do no damage.
Unknown command.
You claw the efreet!
The efreet is moderately wounded.
The efreet gestures at you.
The fireball explodes!
The fireball engulfs you!!
You die...
Your body crumbles into a pile of gold.

[....#...#.#.^.#
.....##..#.....#
.#. ...>.###...#
.. .....#
#.#....# #.#
.....# #.#....#
..# .....# #.#
#>####.. .....#
#.#.#####..#####
#.#.......##.RY#
#.# #@#☼#☼#.#
#.# #R☼R#R#
#.#######)#°#☼#
#.........##...
#########..####
##.... ####..


You could see 2 efreet.

Vanquished Creatures
  A centaur warrior (D:9)
  Pikel (D:9)
  A troll (D:10)
  A hornet (D:7)
  Grinder (D:6)
  A wyvern (D:9)
  Grum (D:9)
  7 yaks
  A steam dragon (D:7)
  Menkaure (D:6)
  Duvessa (D:6)
  An acid dragon (D:10)
  3 water moccasins
  An orc warrior (D:6)
  2 sky beasts
  2 black bears
  2 wolves (D:9)
  3 ogres
  4 phantoms
  A centaur (D:9)
  3 kobold brigands
  5 bullfrogs
  A gnoll sergeant (D:9)
  2 necrophages
  3 scorpions
  8 wights
  Dowan (D:6)
  4 killer bees (D:9)
  An electric eel (D:10)
  2 howler monkeys (D:9)
  5 jellies
  3 hounds
  4 orc priests
  2 iguanas
  8 orc wizards
  6 gnolls
  7 adders
  A shadow imp (D:6)
  A white imp (D:7)
  2 ufetubi
  3 worms (D:2)
  3 dart slugs
  30 orcs
  8 ball pythons
  7 endoplasms
  8 giant cockroaches
  4 goblins
  5 hobgoblins
  6 quokkas
  A bat (D:3)
  3 frilled lizards
  29 kobolds
  19 rats
231 creatures vanquished.

Notes
Turn   | Place    | Note
-------+----------+-------------------------------------------
     0 | D:1      | Doomgape the Troll Monk began the quest for the Orb.
     0 | D:1      | Reached XP level 1. HP: 22/22 MP: 0/0
    95 | D:1      | Reached XP level 2. HP: 29/29 MP: 1/1
   461 | D:1      | Reached XP level 3. HP: 32/36 MP: 2/2
  1086 | D:2      | Found a faded altar of an unknown god.
  1307 | D:2      | Reached skill level 5 in Unarmed Combat
  1307 | D:2      | Reached XP level 4. HP: 12/44 MP: 3/3
  1445 | D:3      | Found Uthuos's Antique Armour Boutique.
  1772 | D:3      | Reached XP level 5. HP: 50/50 MP: 4/4
  1838 | D:3      | Identified the +4 sling "Uxtad" {venom, rElec rCorr Stlth-}
  1971 | D:3      | Found a shimmering blue altar of Sif Muna.
  2348 | D:4      | Noticed a black bear
  2355 | D:4      | Killed a black bear
  2356 | D:4      | Reached XP level 6. HP: 56/59 MP: 5/5
  3307 | D:5      | Entered Level 5 of the Dungeon
  3307 | D:5      | Found a staircase to the Ecumenical Temple.
  3319 | Temple   | Entered the Ecumenical Temple
  3378 | Temple   | Became a worshipper of Gozag Ym Sagoz the Greedy
  3461 | D:5      | Reached XP level 7. HP: 58/66 MP: 6/6
  3785 | D:5      | Found a blossoming altar of Fedhas.
  4020 | D:5      | You fall into a shaft and drop 1 floor!
  4060 | D:6      | Noticed Dowan
  4061 | D:6      | Noticed Duvessa
  4112 | D:5      | Reached XP level 8. HP: 67/74 MP: 7/7
  4369 | D:6      | Reached skill level 10 in Unarmed Combat
  4473 | D:6      | Found a radiant altar of Vehumet.
  4473 | D:6      | Noticed Grinder
  4485 | D:6      | Noticed Menkaure
  4550 | D:6      | Paralysed by Grinder for 2 turns
  4556 | D:6      | Killed Grinder
  4569 | D:6      | Killed Menkaure
  4585 | D:6      | Killed Duvessa
  4598 | D:6      | Killed Dowan
  4599 | D:6      | Reached skill level 5 in Dodging
  4660 | D:6      | Reached XP level 9. HP: 73/80 MP: 8/8
  5134 | D:7      | Found a stormy altar of Qazlal.
  5744 | D:7      | Reached XP level 10. HP: 47/88 MP: 9/9
  6516 | D:9      | Found an iron altar of Okawaru.
  6579 | D:9      | Noticed Pikel
  6594 | D:9      | Killed Pikel
  6645 | D:9      | Noticed Grum
  6662 | D:9      | Killed Grum
  6663 | D:9      | Reached skill level 10 in Dodging
  6764 | D:9      | Found Qymill's Book Shop.
  6778 | D:9      | Learned a level 3 spell: Vampiric Draining
  6778 | D:9      | Bought a book of Death for 572 gold pieces
  7064 | D:9      | Reached skill level 1 in Necromancy
  7102 | D:9      | Noticed a centaur warrior
  7123 | D:9      | Killed a centaur warrior
  7124 | D:9      | Reached skill level 1 in Spellcasting
  7849 | D:10     | Entered Level 10 of the Dungeon
  8098 | D:10     | Found a portal to a secret trove of treasure.
  8128 | D:10     | Found a white marble altar of Elyvilon.
  8441 | D:10     | Killed from afar by an efreet

Illustrated notes

Levels and vault maps discovered:
D:1:      minmay_arrival_stair_chambers, layout_basic, minmay_rat_gold_closets
D:2:      layout_loops_ring, ebering_ecumenical_altar_rust
D:3:      layout_loops_ring, lemuel_blue_sif_altar, serial_shops, shop,
          kennysheep_generic_room_9
D:4:      layout_basic, kennysheep_generic_room_11
D:5:      layout_basic, mainiacjoe_overflow_tiny_flanked,
          minmay_temple_entry_statues_fountains, st_stairs_3,
          mrwooster_statue_mirror
D:6:      layout_rooms, old_standard_altar, uniq_duvessa, uniq_grinder,
          uniq_menkaure
D:7:      layout_loops_ring, grunt_qazlal_clouds, hex_medium, feat_on_display
D:8:      layout_loops_cross, grunt_decor_junction, due_unseen_surprise
D:9:      layout_stronghold, okawaru_gym_becter, serial_shops,
          nicolae_shop_waterfront, grunt_decor_arrowhead, uniq_grum, uniq_pikel
D:10:     layout_basic, kennysheep_mini, mainiacjoe_overflow_paths,
          lair_entry_dummy, orc_0_dummy, nicolae_trove_entry_free_sample,
          minivault_14, minmay_stone_trees_small,
          chequers_serial_rivers_large_a, minmay_checkerbox
Temple:   eino_wide_crystal_templ

Skill      XL: |  1  2  3  4  5  6  7  8  9 10 |
---------------+-------------------------------+-----
Unarmed Combat | 4 5 6 8 9 10 | 10.6
Dodging        | 5 9 10 | 10.2
Necromancy     | 3 |  3.7
Spellcasting   | 2 |  2.8
Fighting       | |  2.4
Stealth        | |  1.0

Action                   |  1- 3 |  4- 6 |  7- 9 | 10-12 || total
-------------------------+-------+-------+-------+-------++-------
Melee: Unarmed           |   124 |   128 |   224 |   193 ||   669
       Punch             |     2 |     5 |     9 |     7 ||    23
  Use: Scroll            |     2 |     1 |    11 |       ||    14
       Potion            |       |     1 |     2 |     1 ||     4
 Stab: Sleeping          |     5 |     3 |     3 |     2 ||    13
       Distracted        |       |       |       |     2 ||     2
Armor: Robe              |    39 |    26 |    36 |    42 ||   143
Dodge: Dodged            |    45 |    53 |   120 |   119 ||   337
